| TOP OF THE 1ST |
|
Cleveland (APP) Indians batting - Pitching for Pulaski Yankees : LHP Arturo Eli
|
|
Pitching: LHP Arturo Eli
|
|
|
Batting: RHB John Clark
|
0-0: Called Strike 0-1: Ball 1-1: Ball 2-1: Foul Ball, location: 2F 2-2: Strikes out swinging
|
|
Batting: RHB Carlos Manriquez
|
0-0: Foul Ball, location: 2F 0-1: Swinging Strike 0-2: Strikes out swinging
|
|
Batting: RHB Juan Gallardo
|
0-0: Ball 1-0: Ball 2-0: SINGLE (Line Drive, 8LS, EV 98.1 MPH)
|
|
Batting: RHB Luis Roman
|
0-0: Foul Ball, location: 2F 0-1: Swinging Strike 0-2: Ball 1-2: Ball 2-2: Strikes out swinging
|
| Top of the 1st over - 0 runs, 1 hit, 0 errors, 1 left on base; Cleveland (APP) 0 - Pulaski 0 |
| BOTTOM OF THE 1ST |
|
Pulaski Yankees batting - Pitching for Cleveland (APP) Indians : RHP Jose Esteban
|
|
Pitching: RHP Jose Esteban
|
|
|
Batting: LHB Dan Morris
|
0-0: Foul Ball, location: 2F 0-1: Ball 1-1: SINGLE (Line Drive, 78M, EV 86.9 MPH)
|
|
Batting: RHB Colby Macon
|
0-0: Ball Dan Morris steals 2nd base 1-0: Ball 2-0: Ball 3-0: Base on Balls
|
|
Batting: SHB Blake Abbott
|
0-0: Ball 1-0: Ball Passed Ball! Dan Morris to third Colby Macon to second 2-0: Ball 3-0: Called Strike 3-1: Called Strike 3-2: Base on Balls
|
|
Batting: RHB Bobby Melillo
|
0-0: Foul Ball, location: 2F 0-1: Ball 1-1: TRIPLE (Line Drive, 9LD, EV 100.0 MPH) Dan Morris scores Colby Macon scores Blake Abbott scores
|
|
Batting: SHB Joe Fure
|
0-0: Foul Ball, location: 2F 0-1: Ball Passed Ball! Bobby Melillo scores 1-1: Ball 2-1: Called Strike 2-2: Foul Ball, location: 2F 2-2: Ball 3-2: Foul Ball, location: 2F 3-2: Base on Balls
|
|
Pitching: RHP Gilbert Paparelli
|
|
|
Batting: RHB Johannes Gutermuth
|
0-0: Ball Joe Fure steals 2nd base 1-0: Ball 2-0: SINGLE (Groundball, 56S, EV 71.9 MPH) (infield hit) Joe Fure to third
|
|
Batting: RHB Seth Rutz
|
0-0: Ball 1-0: Foul Ball, location: 2F 1-1: Called Strike 1-2: Ball Passed Ball! Joe Fure scores Johannes Gutermuth to second 2-2: Ground out U3 (Groundball, 34S, EV 83.1 MPH) Johannes Gutermuth to third
|
|
Batting: RHB Nick Dunton
|
0-0: Called Strike 0-1: Called Strike 0-2: Foul Ball, location: 2F 0-2: Ball 1-2: Strikes out swinging
|
|
Batting: RHB Jordan Barragan
|
0-0: Ball 1-0: Ball Passed Ball! Johannes Gutermuth scores 2-0: Called Strike 2-1: Ball 3-1: Base on Balls
|
|
Pitching: LHP Jordan Jimenez
|
|
|
Batting: LHB Dan Morris
|
0-0: SINGLE (Groundball, 6, EV 94.4 MPH) Jordan Barragan to second
|
|
Batting: RHB Colby Macon
|
0-0: SINGLE (Groundball, 6MD, EV 100.6 MPH) Jordan Barragan to third Dan Morris to second
|
|
Batting: SHB Blake Abbott
|
0-0: Ball 1-0: Foul Ball, location: 2F 1-1: Ball Passed Ball! Jordan Barragan scores Dan Morris to third Colby Macon to second 2-1: Ball Passed Ball! Dan Morris scores Colby Macon to third 3-1: Base on Balls
|
|
Batting: RHB Bobby Melillo
|
0-0: Ball 1-0: Ball Passed Ball! Colby Macon scores Blake Abbott to second 2-0: Ball Wild Pitch! Blake Abbott to third 3-0: Base on Balls
|
|
Batting: SHB Joe Fure
|
0-0: Called Strike 0-1: Swinging Strike 0-2: Ball 1-2: Foul Ball, location: 2F 1-2: Ball Wild Pitch! Blake Abbott scores Bobby Melillo to second 2-2: SINGLE (Groundball, 6MS, EV 75.0 MPH) (infield hit) Bobby Melillo to third
|
|
Batting: RHB Johannes Gutermuth
|
0-0: Called Strike 0-1: SINGLE (Line Drive, 7S, EV 100.6 MPH) Bobby Melillo scores Joe Fure to second
|
|
Batting: RHB Seth Rutz
|
0-0: Ball Passed Ball! Joe Fure to third Johannes Gutermuth to second 1-0: 3-RUN HOME RUN (Flyball, 7D, EV 103.8 MPH), Distance : 387 ft
|
|
Batting: RHB Nick Dunton
|
0-0: Called Strike 0-1: Foul Ball, location: 2F 0-2: DOUBLE (Line Drive, 7LS, EV 107.5 MPH)
|
|
Batting: RHB Jordan Barragan
|
0-0: SINGLE (Groundball, 5L, EV 94.4 MPH) Nick Dunton to third
|
|
Batting: LHB Dan Morris
|
0-0: 3-RUN HOME RUN (Flyball, 9D, EV 93.1 MPH), Distance : 367 ft
|
|
Batting: RHB Colby Macon
|
0-0: Ball 1-0: SINGLE (Groundball, 34S, EV 70.0 MPH) (infield hit)
|
|
Batting: SHB Blake Abbott
|
Pickoff Throw to First - Error! E1 Colby Macon to second 0-0: 2-RUN HOME RUN (Flyball, 89XD, EV 99.4 MPH), Distance : 397 ft
|
|
Batting: RHB Bobby Melillo
|
0-0: SINGLE (Groundball, 25, EV 61.2 MPH) (infield hit)
|
|
Batting: SHB Joe Fure
|
0-0: Ball 1-0: Called Strike 1-1: SINGLE (Line Drive, 4MD, EV 97.5 MPH) Bobby Melillo to second
|
|
Batting: RHB Johannes Gutermuth
|
0-0: Swinging Strike 0-1: Ball Passed Ball! Bobby Melillo to third Joe Fure to second 1-1: Foul Ball, location: 2F 1-2: Strikes out swinging
|
| Bottom of the 1st over - 19 runs, 15 hits, 1 error, 2 left on base; Cleveland (APP) 0 - Pulaski 19 |
| TOP OF THE 2ND |
|
Cleveland (APP) Indians batting - Pitching for Pulaski Yankees : LHP Arturo Eli
|
|
Batting: LHB Kenji Yokoyama
|
0-0: Ball 1-0: Foul Ball, location: 2F 1-1: Swinging Strike 1-2: Foul Ball, location: 2F 1-2: Strikes out swinging
|
|
Batting: RHB Joe Shade
|
0-0: Swinging Strike 0-1: Called Strike 0-2: Ball 1-2: Ball 2-2: Ball 3-2: Strikes out swinging
|
|
Batting: LHB Heath Ryland
|
0-0: Called Strike 0-1: Foul Ball, location: 2F 0-2: Ball 1-2: Strikes out swinging
|
| Top of the 2nd over - 0 runs, 0 hits, 0 errors, 0 left on base; Cleveland (APP) 0 - Pulaski 19 |
| BOTTOM OF THE 2ND |
|
Pulaski Yankees batting - Pitching for Cleveland (APP) Indians : LHP Jordan Jimenez
|
|
Batting: RHB Seth Rutz
|
0-0: Ball 1-0: Fly out, F5 (Line Drive, 5, EV 69.4 MPH)
|
|
Batting: RHB Nick Dunton
|
0-0: Ball 1-0: Ball 2-0: Ball 3-0: Base on Balls
|
|
Batting: RHB Jordan Barragan
|
0-0: DOUBLE (Flyball, 89XD, EV 105.6 MPH) Nick Dunton to third
|
|
Batting: LHB Dan Morris
|
0-0: SINGLE (Line Drive, 5D, EV 95.6 MPH) Nick Dunton scores Jordan Barragan to third Runner from 3rd tries for Home, SAFE, throw by LF to home
|
|
Batting: RHB Colby Macon
|
0-0: Called Strike 0-1: Called Strike 0-2: Ball Passed Ball! Dan Morris to second 1-2: Foul Ball, location: 2F 1-2: Ball 2-2: Foul Ball, location: 2F 2-2: Foul Ball, location: 2F 2-2: Foul Ball, location: 2F 2-2: Ball 3-2: Strikes out swinging
|
|
Batting: SHB Blake Abbott
|
0-0: Ball 1-0: Foul Ball, location: 2F 1-1: Ball Passed Ball! Dan Morris to third 2-1: Ball 3-1: Base on Balls
|
|
Batting: RHB Bobby Melillo
|
0-0: 3-RUN HOME RUN (Flyball, 78XD, EV 106.2 MPH), Distance : 422 ft
|
|
Batting: SHB Joe Fure
|
0-0: Ball 1-0: Ball 2-0: Called Strike 2-1: Ball 3-1: Base on Balls
|
|
Batting: RHB Johannes Gutermuth
|
0-0: Ball 1-0: Called Strike 1-1: Ball 2-1: Swinging Strike Passed Ball! Joe Fure to second 2-2: Foul Ball, location: 2F 2-2: Ball Passed Ball! Joe Fure to third 3-2: Foul Ball, location: 2F 3-2: Base on Balls
|
|
Batting: RHB Seth Rutz
|
0-0: Called Strike 0-1: Called Strike 0-2: Fielders Choice at 2nd, 6-4 (Groundball, 6, EV 80.6 MPH)
|
| Bottom of the 2nd over - 5 runs, 3 hits, 0 errors, 2 left on base; Cleveland (APP) 0 - Pulaski 24 |
| TOP OF THE 3RD |
|
Cleveland (APP) Indians batting - Pitching for Pulaski Yankees : LHP Arturo Eli
|
|
Batting: RHB Ken Shear
|
0-0: Called Strike 0-1: Called Strike 0-2: Ball 1-2: Strikes out swinging
|
|
Batting: SHB Mike Shields
|
0-0: Ball 1-0: Called Strike 1-1: Foul Ball, location: 2F 1-2: Foul Ball, location: 2F 1-2: Strikes out swinging
|
|
Batting: RHB John Clark
|
0-0: Ball 1-0: Foul Ball, location: 2F 1-1: Ball 2-1: Ball 3-1: Called Strike 3-2: Strikes out swinging
|
| Top of the 3rd over - 0 runs, 0 hits, 0 errors, 0 left on base; Cleveland (APP) 0 - Pulaski 24 |
| BOTTOM OF THE 3RD |
|
Pulaski Yankees batting - Pitching for Cleveland (APP) Indians : LHP Jordan Jimenez
|
|
Batting: RHB Nick Dunton
|
0-0: Called Strike 0-1: Ball 1-1: Foul Ball, location: 2F 1-2: Foul Ball, location: 2F 1-2: Strikes out swinging
|
|
Batting: RHB Jordan Barragan
|
0-0: Ball 1-0: Called Strike 1-1: Ball 2-1: Foul Ball, location: 2F 2-2: Ball 3-2: Base on Balls
|
|
Batting: LHB Dan Morris
|
0-0: Ball Passed Ball! Jordan Barragan to second 1-0: Ball 2-0: Ball Passed Ball! Jordan Barragan to third 3-0: Base on Balls
|
|
Batting: RHB Colby Macon
|
0-0: Ball 1-0: Foul Ball, location: 2F 1-1: Foul Ball, location: 2F 1-2: Fly out, F3 (Line Drive, 3, EV 66.9 MPH) Lined into DP, U3 (Line Drive, 3, EV 70.0 MPH)
|
| Bottom of the 3rd over - 0 runs, 0 hits, 0 errors, 1 left on base; Cleveland (APP) 0 - Pulaski 24 |
| TOP OF THE 4TH |
|
Cleveland (APP) Indians batting - Pitching for Pulaski Yankees : LHP Arturo Eli
|
|
Batting: RHB Carlos Manriquez
|
0-0: Ball 1-0: Ball 2-0: Ball 3-0: Base on Balls
|
|
Batting: RHB Juan Gallardo
|
0-0: Called Strike 0-1: Foul Ball, location: 2F 0-2: Ball Wild Pitch! Carlos Manriquez to second 1-2: Foul Ball, location: 2F 1-2: Strikes out swinging
|
|
Batting: RHB Luis Roman
|
0-0: Ball 1-0: Ball 2-0: Ground out 6-3 (Groundball, 6D, EV 81.2 MPH)
|
|
Batting: LHB Kenji Yokoyama
|
0-0: Called Strike 0-1: Foul Ball, location: 2F 0-2: Strikes out swinging
|
| Top of the 4th over - 0 runs, 0 hits, 0 errors, 1 left on base; Cleveland (APP) 0 - Pulaski 24 |
| BOTTOM OF THE 4TH |
|
Pulaski Yankees batting - Pitching for Cleveland (APP) Indians : LHP Jordan Jimenez
|
|
Batting: SHB Blake Abbott
|
0-0: Called Strike 0-1: Called Strike 0-2: Ball 1-2: Ball 2-2: Foul Ball, location: 2F 2-2: Ball 3-2: Foul Ball, location: 2F 3-2: Base on Balls
|
|
Batting: RHB Bobby Melillo
|
0-0: Ball 1-0: Ball 2-0: Ball Passed Ball! Blake Abbott to second 3-0: Base on Balls
|
|
Batting: SHB Joe Fure
|
0-0: Ball 1-0: SINGLE (Groundball, 56D, EV 96.2 MPH) Blake Abbott to third Bobby Melillo to second
|
|
Batting: RHB Johannes Gutermuth
|
0-0: SINGLE (Groundball, 4MD, EV 95.6 MPH) Blake Abbott scores Bobby Melillo to third Joe Fure to second Runner from 3rd tries for Home, SAFE, throw by CF to home
|
|
Batting: RHB Seth Rutz
|
0-0: Fly out, F8 (Flyball, 8LD, EV 101.9 MPH)
|
|
Batting: RHB Nick Dunton
|
0-0: Ball Passed Ball! Joe Fure to third Johannes Gutermuth to second 1-0: Ball 2-0: Ball 3-0: Base on Balls
|
|
Batting: RHB Jordan Barragan
|
0-0: Fly out, F8 (Flyball, 8RS, EV 75.0 MPH)
|
|
Batting: LHB Dan Morris
|
0-0: Ground out 5-3 (Groundball, 25, EV 88.8 MPH)
|
| Bottom of the 4th over - 2 runs, 2 hits, 0 errors, 3 left on base; Cleveland (APP) 0 - Pulaski 26 |
| TOP OF THE 5TH |
|
Cleveland (APP) Indians batting - Pitching for Pulaski Yankees : LHP Arturo Eli
|
|
Batting: RHB Joe Shade
|
0-0: Foul Ball, location: 2F 0-1: Ball 1-1: Called Strike 1-2: Strikes out swinging
|
|
Batting: LHB Heath Ryland
|
0-0: Ground out U3 (Groundball, 3, EV 81.9 MPH)
|
|
Batting: RHB Ken Shear
|
0-0: Called Strike 0-1: Called Strike 0-2: Strikes out looking
|
| Top of the 5th over - 0 runs, 0 hits, 0 errors, 0 left on base; Cleveland (APP) 0 - Pulaski 26 |
| BOTTOM OF THE 5TH |
|
Pulaski Yankees batting - Pitching for Cleveland (APP) Indians : LHP Jordan Jimenez
|
|
Batting: RHB Colby Macon
|
0-0: Fly out, F3 (Flyball, 3D, EV 91.9 MPH)
|
|
Batting: SHB Blake Abbott
|
0-0: Ball 1-0: Ball 2-0: Swinging Strike 2-1: Ball 3-1: Base on Balls
|
|
Batting: RHB Bobby Melillo
|
0-0: Ball Passed Ball! Blake Abbott to second 1-0: Ball 2-0: Ball 3-0: Base on Balls
|
|
Batting: SHB Joe Fure
|
0-0: Ball 1-0: Grounds into double play, 5-4-3 (Groundball, 56, EV 83.1 MPH)
|
| Bottom of the 5th over - 0 runs, 0 hits, 0 errors, 1 left on base; Cleveland (APP) 0 - Pulaski 26 |
| TOP OF THE 6TH |
|
Cleveland (APP) Indians batting - Pitching for Pulaski Yankees : LHP Arturo Eli
|
|
Batting: SHB Mike Shields
|
0-0: Ball 1-0: Ball 2-0: Called Strike 2-1: Foul Ball, location: 2F 2-2: Strikes out looking
|
|
Batting: RHB John Clark
|
0-0: Ball 1-0: Ball 2-0: Ground out 5-3 (Groundball, 56S, EV 91.9 MPH)
|
|
Batting: RHB Carlos Manriquez
|
0-0: Ball 1-0: Swinging Strike 1-1: Ball 2-1: Swinging Strike 2-2: Strikes out looking
|
| Top of the 6th over - 0 runs, 0 hits, 0 errors, 0 left on base; Cleveland (APP) 0 - Pulaski 26 |
| BOTTOM OF THE 6TH |
|
Pulaski Yankees batting - Pitching for Cleveland (APP) Indians : LHP Jordan Jimenez
|
|
Batting: RHB Johannes Gutermuth
|
0-0: Fly out, F8 (Flyball, 89S, EV 86.9 MPH)
|
|
Batting: RHB Seth Rutz
|
0-0: Called Strike 0-1: Ball 1-1: Swinging Strike 1-2: Ball 2-2: Ball 3-2: Base on Balls
|
|
Batting: RHB Nick Dunton
|
0-0: Called Strike 0-1: Foul Ball, location: 2F 0-2: Ball Passed Ball! Seth Rutz to second 1-2: Fly out, F6 (Popup, 6M, EV 63.8 MPH)
|
|
Batting: RHB Jordan Barragan
|
0-0: Ball Wild Pitch! Seth Rutz to third 1-0: SINGLE (Groundball, 56D, EV 100.0 MPH) Seth Rutz scores
|
|
Batting: LHB Dan Morris
|
0-0: Fielders Choice at 2nd, 6-4 (Groundball, 6, EV 82.5 MPH)
|
| Bottom of the 6th over - 1 run, 1 hit, 0 errors, 1 left on base; Cleveland (APP) 0 - Pulaski 27 |
| TOP OF THE 7TH |
|
Cleveland (APP) Indians batting - Pitching for Pulaski Yankees : LHP Arturo Eli
|
|
Pitching: LHP Fernando Mendoza
|
|
|
Batting: RHB Juan Gallardo
|
0-0: Ball 1-0: Ball 2-0: Called Strike 2-1: Ball 3-1: Called Strike 3-2: Strikes out swinging
|
|
Batting: RHB Luis Roman
|
0-0: Ball 1-0: DOUBLE (Line Drive, 9D, EV 103.8 MPH)
|
|
Batting: LHB Kenji Yokoyama
|
0-0: Called Strike 0-1: Ball 1-1: Foul Ball, location: 2F 1-2: Ball 2-2: Strikes out swinging
|
|
Batting: RHB Joe Shade
|
0-0: Ball 1-0: Foul Ball, location: 2F 1-1: Foul Ball, location: 2F 1-2: Ball 2-2: Ball 3-2: Foul Ball, location: 2F 3-2: Strikes out swinging
|
| Top of the 7th over - 0 runs, 1 hit, 0 errors, 1 left on base; Cleveland (APP) 0 - Pulaski 27 |
| BOTTOM OF THE 7TH |
|
Pulaski Yankees batting - Pitching for Cleveland (APP) Indians : LHP Jordan Jimenez
|
|
Batting: RHB Colby Macon
|
0-0: SINGLE (Line Drive, 8RM, EV 94.4 MPH)
|
|
Batting: SHB Blake Abbott
|
0-0: Grounds into double play, 6-4-3 (Groundball, 6, EV 96.2 MPH)
|
|
Batting: RHB Bobby Melillo
|
0-0: Ground out 6-3 (Groundball, 6, EV 88.8 MPH)
|
| Bottom of the 7th over - 0 runs, 1 hit, 0 errors, 0 left on base; Cleveland (APP) 0 - Pulaski 27 |
| TOP OF THE 8TH |
|
Cleveland (APP) Indians batting - Pitching for Pulaski Yankees : LHP Fernando Mendoza
|
|
Batting: LHB Heath Ryland
|
0-0: Ball 1-0: Called Strike 1-1: Foul Ball, location: 2F 1-2: Foul Ball, location: 2F 1-2: Ball 2-2: Foul Ball, location: 2F 2-2: Strikes out swinging
|
|
Batting: RHB Ken Shear
|
0-0: Swinging Strike 0-1: Ball 1-1: Ball 2-1: Swinging Strike 2-2: Ground out 5-3 (Groundball, 56S, EV 88.1 MPH)
|
|
Batting: SHB Mike Shields
|
0-0: Foul Ball, location: 2F 0-1: Ball 1-1: Ball 2-1: Ball 3-1: Base on Balls
|
|
Batting: RHB John Clark
|
0-0: Called Strike 0-1: Ball Wild Pitch! Mike Shields to second 1-1: Foul Ball, location: 2F 1-2: Strikes out looking
|
| Top of the 8th over - 0 runs, 0 hits, 0 errors, 1 left on base; Cleveland (APP) 0 - Pulaski 27 |
| BOTTOM OF THE 8TH |
|
Pulaski Yankees batting - Pitching for Cleveland (APP) Indians : LHP Jordan Jimenez
|
|
Batting: SHB Joe Fure
|
0-0: Ball 1-0: Foul Ball, location: 2F 1-1: Ball 2-1: Swinging Strike 2-2: Foul Ball, location: 2F 2-2: SINGLE (Flyball, 7LS, EV 98.1 MPH)
|
|
Batting: RHB Johannes Gutermuth
|
0-0: Called Strike 0-1: Fly out, F7 (Flyball, 7S, EV 81.2 MPH)
|
|
Batting: RHB Seth Rutz
|
0-0: Ball Wild Pitch! Joe Fure to second 1-0: Ball Passed Ball! Joe Fure to third 2-0: Foul Ball, location: 2F 2-1: Ball 3-1: Base on Balls
|
|
Batting: RHB Nick Dunton
|
0-0: Foul Ball, location: 2F 0-1: Fielders Choice at 2nd, 4-6 (Groundball, 4, EV 100.6 MPH) Joe Fure scores
|
|
Batting: RHB Jordan Barragan
|
0-0: Ground out 6-3 (Groundball, 6MS, EV 89.4 MPH)
|
| Bottom of the 8th over - 1 run, 1 hit, 0 errors, 1 left on base; Cleveland (APP) 0 - Pulaski 28 |
| TOP OF THE 9TH |
|
Cleveland (APP) Indians batting - Pitching for Pulaski Yankees : LHP Fernando Mendoza
|
|
Pitching: RHP John Robidoux
|
|
|
Batting: RHB Carlos Manriquez
|
0-0: Called Strike 0-1: Called Strike 0-2: Ball 1-2: DOUBLE (Line Drive, 3D, EV 94.4 MPH)
|
|
Batting: RHB Juan Gallardo
|
0-0: Fly out, F8 (Line Drive, 8RD, EV 98.8 MPH)
|
|
Batting: RHB Luis Roman
|
0-0: Called Strike 0-1: Swinging Strike 0-2: Foul Ball, location: 2F 0-2: Strikes out looking
|
|
Batting: LHB Kenji Yokoyama
|
0-0: Called Strike 0-1: Foul Ball, location: 2F 0-2: Ball 1-2: Foul Ball, location: 2F 1-2: Strikes out swinging
|
| Top of the 9th over - 0 runs, 1 hit, 0 errors, 1 left on base; Cleveland (APP) 0 - Pulaski 28 |
|